 Dungeon Crawl Stone Soup version 0.28-a0-465-ge2dae52223 (webtiles) character file.

Game seed: 6020287222437197531

108 heikuro the Digger (level 5, -1/35 HPs)
             Began as a Formicid Earth Elementalist on Sept 14, 2021.
             Slain by Ijyb (3 damage)
             ... on level 3 of the Dungeon.
             The game lasted 00:06:13 (4410 turns).

heikuro the Digger (Formicid Earth Elementalist)    Turns: 4410, Time: 00:06:14

Health: -1/35      AC:  3    Str: 12    XL:     5   Next: 12%
Magic:  2/9        EV: 11    Int: 16    God:
Gold:   116        SH:  5    Dex: 11    Spells: 5/9 levels left

rFire   . . .      SeeInvis +   d - +0 short sword
rCold   . . .      Faith    .   k - +2 buckler
rNeg    . . .      Spirit   .   b - +0 robe
rPois   .          Reflect  .   (helmet unavailable)
rElec   .          Harm     .   r - +0 cloak
rCorr   .          Rampage  .   (no gloves)
Will    .....                   (no boots)
Stlth   ++........              (no amulet)
HPRegen 0.11/turn               (no ring)
MPRegen 0.11/turn               (no ring)

@: no status effects
A: permanent stasis, dig shafts and tunnels, antennae 3, four strong arms
a: Dig, Shaft Self


You were on level 3 of the Dungeon.
You visited 1 branch of the dungeon, and saw 3 of its levels.

You collected 116 gold pieces.

Inventory:

Hand Weapons
 d - a +0 short sword (weapon)
Missiles
 c - 43 stones
 m - 3 atropa-tipped darts
 u - 7 poisoned darts
Armour
 b - a +0 robe (worn)
 k - a +2 buckler (worn)
 r - a +0 cloak (worn)
Wands
 n - a wand of acid (7)
Scrolls
 a - a scroll of torment {unknown}
 e - 2 scrolls of identify {unknown}
 f - a scroll of holy word {unknown}
 g - a scroll of fear {unknown}
 h - a scroll of magic mapping {unknown}
 l - a scroll of noise {unknown}
 o - a scroll of fog {unknown}
 p - a scroll of enchant weapon {unknown}
 s - a scroll of teleportation {unknown}
Potions
 i - a potion of might {unknown}
 j - a potion of attraction {unknown}
 q - a potion of ambrosia {unknown}
 t - a potion of flight {unknown}


   Skills:
 - Level 2.0 Dodging
 - Level 3.0 Stealth
 * Level 1.4 Shields
 + Level 2.9 Spellcasting
 + Level 2.2 Transmutations
 + Level 4.8 Earth Magic
 + Level 0.5 Evocations


You had 5 spell levels left.
You knew the following spells:

 Your Spells              Type           Power      Damage    Failure   Level
a - Sandblast             Erth           34%        2d9       3%          1
b - Stone Arrow           Conj/Erth      20%        3d8       26%         3

Your spell library contained the following spells:

 Spells                   Type           Power      Damage    Failure   Level
 Passwall                 Tmut/Erth      10%        N/A       9%          2
 Petrify                  Tmut/Erth      13%        N/A       47%         4


Dungeon Overview and Level Annotations

Branches:
Dungeon (3/15)

Altars:
Gozag
Uskayaw

Annotations:
D:3 Ijyb


Innate Abilities, Weirdness & Mutations

You cannot be hasted, slowed, berserked, paralysed or teleported.
You can dig through walls and to a lower floor.
You have a pair of large antennae on your head. (SInv)
Your four strong arms can wield two-handed weapons with a shield.


Message History

Ijyb barely misses you.
You hit Ijyb.
Ijyb is heavily wounded.
Ijyb barely misses you.
You hit Ijyb.
Ijyb is heavily wounded.
Ijyb completely misses you.
You barely miss Ijyb.
Ijyb is heavily wounded.
Ijyb barely misses you.
You hit Ijyb.
Ijyb is severely wounded.
Ijyb misses you.
You barely miss Ijyb.
Ijyb is severely wounded.
Ijyb hits you with a +0 club.
* * * LOW HITPOINT WARNING * * *
You hit Ijyb.
Ijyb is almost dead.
Ijyb barely misses you.
You hit Ijyb.
Ijyb is almost dead.
Ijyb hits you with a +0 club.
* * * LOW HITPOINT WARNING * * *
You block Ijyb's attack.
You completely miss Ijyb.
Ijyb is almost dead.
Ijyb hits you with a +0 club.
* * * LOW HITPOINT WARNING * * *
You hit Ijyb but do no damage.
Ijyb is almost dead.
Ijyb is no longer covered in acid.
Ijyb hits you but does no damage.
You closely miss Ijyb.
Ijyb is almost dead.
Ijyb hits you with a +0 club.
* * * LOW HITPOINT WARNING * * *
You hit Ijyb.
Ijyb is almost dead.
Ijyb hits you with a +0 club.
You die...

##### #.......
#...#######.##....
#.#.........######
#...#########
##.## #.# #.#
########.#
......g@.#
##########
##############
#.{..........#
#.##########.#
#######.## {
..........
#######...


You could see Ijyb.

Vanquished Creatures
  2 adders
  A worm (D:2)
  2 dart slugs (D:1)
  3 orcs (D:3)
  9 ball pythons
  7 bats
  6 endoplasms
  2 giant cockroaches (D:1)
  6 goblins
  7 hobgoblins
  10 jackals
  4 kobolds
  3 quokkas
  6 frilled lizards
  3 rats
71 creatures vanquished.

Vanquished Creatures (others)
  A plant (D:3)
1 creature vanquished.

Grand Total: 72 creatures vanquished

Notes
Turn   | Place    | Note
-------+----------+-------------------------------------------
     0 | D:1      | heikuro the Formicid Earth Elementalist began the quest for
                  | the Orb.
     0 | D:1      | Reached XP level 1. HP: 13/13 MP: 3/3
   385 | D:1      | Reached XP level 2. HP: 7/19 MP: 5/5
   631 | D:1      | Reached skill level 4 in Earth Magic
  1035 | D:1      | Reached XP level 3. HP: 10/24 MP: 6/6
  1987 | D:1      | Reached XP level 4. HP: 20/30 MP: 7/7
  2430 | D:2      | Found an opulent altar of Gozag.
  3029 | D:2      | Learned a level 3 spell: Stone Arrow
  3939 | D:3      | Found a faded altar of an unknown god.
  3977 | D:3      | Reached skill level 1 in Shields
  3981 | D:3      | Reached XP level 5. HP: 30/35 MP: 6/9
  4203 | D:3      | Found a hide-covered altar of Uskayaw.
  4384 | D:3      | Noticed Ijyb
  4410 | D:3      | Slain by Ijyb

Illustrated notes

Levels and vault maps discovered:
D:1:      ncdulo_watergridlock, layout_basic, minmay_3d_cube
D:2:      layout_loops_cross, basic_altar
D:3:      layout_loops_ring, nicolae_uskayaw_murder_on_the_dancefloor,
          dreamdust_ecumenical_altar_grove, uniq_ijyb

Skill      XL: |  1  2  3  4 |
---------------+-------------+-----
Earth Magic    | 4 |  4.8
Dodging        | 2 |  2.0
Stealth        | 3 |  3.0
Transmutations | 2 |  2.2
Shields        | 1 |  1.4
Spellcasting   | |  2.9
Evocations     | |  0.5

Action                   |  1- 3 |  4- 6 || total
-------------------------+-------+-------++-------
Melee: Unarmed           |    17 |       ||    17
       Short sword       |   104 |   148 ||   252
 Cast: Sandblast         |    17 |    32 ||    49
Evoke: Wand              |       |     1 ||     1
 Stab: Sleeping          |     2 |     3 ||     5
Armor: Robe              |    33 |    28 ||    61
Dodge: Dodged            |   101 |    96 ||   197
Block: Buckler           |     3 |    39 ||    42

Table legend: (Time is in decaauts)
 A = Elapsed time spent in this place.
 B = Non-inter-level travel time spent in this place.
 C = Inter-level travel time spent in this place.
 D = Time resting spent in this place.
 E = Time spent auto-exploring this place.
 F = Levels seen in this place.
 G = Mean time per level.
                   A        B        C        D        E       F      G
               +--------+--------+--------+--------+--------+-----+--------+
         Total |   4445 |   4350 |     95 |   1758 |   1726 |   3 | 1481.7 |
       Dungeon |   4445 |   4350 |     95 |   1758 |   1726 |   3 | 1481.7 |
               +--------+--------+--------+--------+--------+-----+--------+

Top non-repeatable levels by time:
     D:1: 2249 daAuts
     D:2: 1632 daAuts
     D:3: 564 daAuts
